 Dungeon Crawl Stone Soup version 0.30-a0-883-g5ad918d77d (webtiles) character file.

Game seed: 5309265773179943321

23 jasper the Twirler (level 2, -1/22 HPs)
             Began as a Demonspawn Gladiator on Mar 16, 2023.
             Slain by a kobold
             ... wielding a +2 dagger of electrocution
              (16 damage)
             ... on level 2 of the Dungeon.
             The game lasted 00:00:56 (320 turns).

jasper the Twirler (Demonspawn Gladiator)            Turns: 320, Time: 00:00:56

Health: -1/22      AC:  4    Str: 14    XL:     2   Next: 75%
Magic:  2/2        EV: 12    Int:  9    God:
Gold:   14         SH:  0    Dex: 14    Spells: 1/1 levels left

rFire   . . .      SeeInvis .    a - +0 quarterstaff
rCold   . . .      Faith    .    (shield currently unavailable)
rNeg    . . .      Spirit   .    b - +0 leather armour
rPois   .          Reflect  .    c - +0 helmet
rElec   .          Rampage  .    (no cloak)
rCorr   .                        (no gloves)
Will    .....                    (no boots)
Stlth   +                        (no amulet)
HPRegen 0.23/turn                (no ring)
MPRegen 0.08/turn                (no ring)

@: no status effects
A: hooves 1
a: no special abilities


You were on level 2 of the Dungeon.
You visited 1 branch of the dungeon, and saw 2 of its levels.

You collected 14 gold pieces.

Inventory:

Hand Weapons
 a - a +0 quarterstaff (weapon)
Missiles
 d - 3 throwing nets
 e - a javelin
 g - 2 stones (quivered)
Armour
 b - a +0 leather armour (worn)
 c - a +0 helmet (worn)
Scrolls
 h - a scroll of identify {unknown}
 i - a scroll of butterflies {unknown}
Potions
 f - a potion of might {unknown}


   Skills:
 + Level 2.3 Fighting
 * Level 3.1 Staves
 - Level 1.7 Throwing
 + Level 0.7 Armour
 + Level 2.9 Dodging


You had one spell level left.
You didn't know any spells.
Your spell library was empty.

Dungeon Overview and Level Annotations

Branches:
Dungeon (2/15)

Altars:


Innate Abilities, Weirdness & Mutations

You have large cloven feet.


Message History

A ball python comes into view.
The ball python hisses angrily.
Throw: 3 stones
Press: ? - help, Q - select action, (/) - cycle Shift-Dir - straight line, f - ball python
Aim: a ball python (55% to hit)
You throw a stone.
The stone barely misses the ball python.
The ball python bites you but does no damage.
The ball python closely misses you.
You closely miss the ball python.
You kick the ball python, but do no damage.
The ball python barely misses you. The ball python grabs you.
The ball python constricts you.
You sock the ball python!
You kill the ball python!
Found a stone staircase leading up.
You open the gate. 3 kobolds come into view.
A kobold is wielding a +2 dagger of electrocution.
The kobold shouts! x2; You hear a shout!
A kobold comes into view. It is wielding a +0 whip.
The kobold shouts! x2
Found a plate armour, a short sword and 10 gold pieces.
The kobold attacks as you move away!
The kobold hits you with a +0 short sword.
You take 2 damage, and have 20/22 hp.
The kobold attacks as you move away! The kobold closely misses you.
You hit the kobold. Your kick misses the kobold.
The kobold is severely wounded.
A kobold comes into view. It is wielding a +0 short sword.
The kobold hits you with a +0 short sword.
The kobold barely misses you.
You take 3 damage, and have 18/22 hp.
You hit the kobold.
You kill the kobold!
You closely miss the kobold.
The kobold hits you with a +2 dagger of electrocution.
You are electrocuted!
Ouch! That really hurt!
You die...

#...# #.....# #.# ##'''##
#.....###.#
#.....#######.......
.....^.#............###.#
###.##<#K##########.# #.#
# #.#K# #.....# #.# #.#K#
#.##### #.# #.#K# #.# #.#
#.#@# #.# #.# ..#.# #.#
#.# #.# #.# #.# #.# #.#
#.# #.# #.# #.# #.#
#.######.# #.#....#.#


You could see 4 kobolds.

Vanquished Creatures
  An adder (D:2)
  A ball python (D:2)
  2 endoplasms (D:1)
  A goblin (D:1)
  4 jackals (D:1)
  2 bats (D:1)
  2 kobolds
13 creatures vanquished.

Notes
Turn   | Place    | Note
-------+----------+-------------------------------------------
     0 | D:1      | jasper the Demonspawn Gladiator began the quest for the
                  | Orb.
     0 | D:1      | Reached XP level 1. HP: 16/16 MP: 1/1
   134 | D:1      | Gained mutation: You have large cloven feet. [demonic
                  | ancestry]
   134 | D:1      | Reached XP level 2. HP: 22/22 MP: 2/2
   213 | D:1      | Reached skill level 3 in Staves
   213 | D:1      | You fall into a shaft and drop 1 floor!
   320 | D:2      | Slain by a kobold

Illustrated notes

Levels and vault maps discovered:
D:1:      dpeg_arrival_tiny_d, layout_basic
D:2:      cheibrodos_fertilizer, layout_basic

Skill      XL: |  1  2 |
---------------+-------+-----
Staves         | 3 |  3.1
Fighting       | |  2.3
Throwing       | |  1.7
Armour         | |  0.7
Dodging        | |  2.9

Action                     || total
---------------------------++-------
  Melee: Quarterstaff      ||    32
         Kick              ||     2
  Throw: Stone             ||     7
 Armour: Leather armour    ||    14
  Dodge: Dodged            ||    23

Table legend: (Time is in decaauts)
 A = Elapsed time spent in this place.
 B = Non-inter-level travel time spent in this place.
 C = Inter-level travel time spent in this place.
 D = Time resting spent in this place.
 E = Time spent auto-exploring this place.
 F = Levels seen in this place.
 G = Mean time per level.
                   A        B        C        D        E       F      G
               +--------+--------+--------+--------+--------+-----+--------+
         Total |    325 |    325 |      0 |     28 |    190 |   2 |  162.5 |
       Dungeon |    325 |    325 |      0 |     28 |    190 |   2 |  162.5 |
               +--------+--------+--------+--------+--------+-----+--------+

Top non-repeatable levels by time:
     D:1: 217 daAuts
     D:2: 107 daAuts
